[Event "Titled Tuesday Blitz January 17 Early 2023"]
[White "Khamdamova, Afruza"]
[Black "Ovezdurdyyeva, Jemal"]
[WhiteFideId "14210444"]
[BlackFideId "14001888"]
[WhiteElo "2162"]
[BlackElo "2078"]
[Result "0-1"]
[Round "04"]
[TimeControl "180+2"]
[Date "2023.01.17"]
[WhiteClock "0:00:01"]
[BlackClock "0:01:25"]

1. e4 d6 2. d4 Nf6 3. Nc3 g6 4. Be3 c6 5. f3 Bg7 6. Qd2 h5 7. O-O-O b5 8. Kb1 b4 9. Nce2 a5 10. e5 dxe5 11. dxe5 Qxd2 12. Bxd2 Nd5 13. f4 O-O 14. Nf3 Na6 15. Ned4 Bb7 16. Bc4 Nc5 17. Rhe1 Rad8 18. Bc1 Nb6 19. Bf1 Rd5 20. f5 Rfd8 21. fxg6 fxg6 22. Be2 Bxe5 23. Nxe5 Rxe5 24. Bf4 Re4 25. Bg3 Rdxd4 26. Rxd4 Rxd4 27. Bf2 Rd5 28. Bf3 Rf5 29. Rxe7 Ba6 30. Re8+ Kf7 31. Ra8 Bb5 0-1


[Site "https://www.chess.com"]

[Event "Titled Tuesday Blitz January 17 Early 2023"]
[White "Kaminski, Victor"]
[Black "Vivas Zamora, Fabian Ernesto"]
[WhiteFideId "1131630"]
[BlackFideId "3902480"]
[WhiteElo "2247"]
[BlackElo "2346"]
[Result "0-1"]
[Round "04"]
[TimeControl "180+2"]
[Date "2023.01.17"]
[WhiteClock "0:00:04"]
[BlackClock "0:00:07"]

1. e4 e5 2. Nf3 Nc6 3. Bb5 Nf6 4. d3 Bc5 5. Bxc6 dxc6 6. Nbd2 Be6 7. O-O Bd6 8. Nb3 h6 9. h3 Qe7 10. d4 O-O-O 11. Qe2 Bxb3 12. axb3 exd4 13. Rxa7 Qxe4 14. Qc4 Qd5 15. Qa4 Bc5 16. Ra5 b5 17. Qa1 Kb7 18. c4 dxc3 19. bxc3 Qxb3 20. Ba3 Bb6 21. Rb1 Qc4 22. Ne5 Qe6 23. c4 Bxa5 24. cxb5 cxb5 25. Rxb5+ Bb6 26. Bc5 Rd5 27. Qb2 Qxe5 28. Rxb6+ cxb6 29. Qxb6+ Kc8 30. Qc6+ Kd8 31. Bb6+ Ke7 32. Bc7 Rd1# 0-1


[Site "https://www.chess.com"]

[Event "Titled Tuesday Blitz January 17 Early 2023"]
[White "Hoffmann, Asa"]
[Black "Buksa, Nataliya"]
[WhiteFideId "2001470"]
[BlackFideId "14123622"]
[WhiteElo "2185"]
[BlackElo "2406"]
[Result "0-1"]
[Round "04"]
[TimeControl "180+2"]
[Date "2023.01.17"]
[WhiteClock "0:01:19"]
[BlackClock "0:00:55"]

1. d4 d5 2. Bg5 Nd7 3. c4 h6 4. Bh4 c6 5. cxd5 cxd5 6. Nc3 Ngf6 7. e3 e6 8. Bd3 Be7 9. f4 b6 10. Nf3 Bb7 11. O-O Ne4 12. Bxe7 Qxe7 13. Bxe4 dxe4 14. Ne5 O-O 15. Rc1 Nf6 16. f5 Rad8 17. Qa4 a6 18. Qb3 b5 19. fxe6 Qxe6 20. Qxe6 fxe6 21. a3 Nd7 22. Rxf8+ Kxf8 23. Nxd7+ Rxd7 24. Na2 Ke7 25. Rc5 Kd6 26. Nc3 Rf7 27. b4 g5 28. h3 Rf5 29. Kh2 Rf2 30. Re5 Rc2 31. Nxe4+ Bxe4 32. Rxe4 Rc3 33. h4 Rxa3 34. hxg5 hxg5 35. Kg3 Rb3 36. Kg4 Rxb4 37. Kxg5 a5 38. Rh4 a4 39. Rh1 a3 40. Ra1 Ra4 41. g4 b4 42. Kf6 b3 43. g5 b2 0-1


[Site "https://www.chess.com"]

[Event "Titled Tuesday Blitz January 17 Early 2023"]
[White "Lehtosaari, Mauri"]
[Black "Matveeva, Olga"]
[WhiteFideId "501999"]
[BlackFideId "24107018"]
[WhiteElo "2176"]
[BlackElo "2128"]
[Result "1-0"]
[Round "04"]
[TimeControl "180+2"]
[Date "2023.01.17"]
[WhiteClock "0:00:13"]
[BlackClock "0:00:01"]

1. d4 d5 2. Nf3 Nf6 3. Bg5 e6 4. e3 c5 5. c3 Nc6 6. Nbd2 h6 7. Bh4 Be7 8. Bd3 O-O 9. O-O b6 10. Ne5 Bb7 11. f4 Ne4 12. Bxe7 Nxe7 13. Ndf3 f5 14. Qe2 cxd4 15. cxd4 Rc8 16. Rfc1 Qd6 17. a3 Kh7 18. Qe1 Rxc1 19. Rxc1 Rc8 20. Rxc8 Bxc8 21. Qc1 Bb7 22. Nf7 Qc6 23. Qxc6 Nxc6 24. N3e5 Nxe5 25. Nxe5 g5 26. Bxe4 dxe4 27. g3 gxf4 28. gxf4 Kg7 29. Kf2 Bd5 30. Kg3 Bb3 31. Kf2 Bd5 32. Ke1 Kf6 33. Kd2 Ke7 34. Kc3 a5 35. b4 a4 36. b5 h5 37. h4 Kd6 38. Kb4 Bb3 39. Nc6 Bd1 40. Nd8 Bc2 41. Nf7+ Kd5 42. Ng5 Bd1 43. Nh7 Kd6 44. Nf6 Ke7 45. Nxh5 Bxh5 46. Kxa4 Kd6 47. Kb4 Kc7 48. a4 Kb7 49. a5 bxa5+ 50. Kxa5 Be2 51. b6 1-0


[Site "https://www.chess.com"]

[Event "Titled Tuesday Blitz January 17 Early 2023"]
[White "Heinemann, Josefine"]
[Black "Pein, Jonathan"]
[WhiteFideId "12900460"]
[BlackFideId "417092"]
[WhiteElo "2289"]
[BlackElo "2265"]
[Result "0-1"]
[Round "04"]
[TimeControl "180+2"]
[Date "2023.01.17"]
[WhiteClock "0:00:19"]
[BlackClock "0:01:17"]

1. e4 f6 2. d4 e6 3. Nc3 d5 4. Nf3 c6 5. Bd3 Bb4 6. O-O Ne7 7. e5 f5 8. Ne2 Ng6 9. Bg5 Be7 10. Bxe7 Qxe7 11. Qd2 b6 12. Nf4 Nxf4 13. Qxf4 h6 14. h4 Ba6 15. Bxa6 Nxa6 16. c3 c5 17. a4 O-O 18. h5 Rfc8 19. Nh4 Qg5 20. Qxg5 hxg5 21. Ng6 Kf7 22. g4 f4 23. Rfc1 Rc7 24. a5 b5 25. dxc5 Nxc5 26. Rd1 Rac8 27. f3 a6 28. Kf2 Nd7 29. Rd4 Nc5 30. Rdd1 Nb7 31. Rd4 Rc4 32. Nh8+ Rxh8 0-1


[Site "https://www.chess.com"]

[Event "Titled Tuesday Blitz January 17 Early 2023"]
[White "Garmash, Aliona"]
[Black "Santos Flores, Alberto"]
[WhiteFideId "34127620"]
[BlackFideId "3601234"]
[WhiteElo "2039"]
[BlackElo "2164"]
[Result "0-1"]
[Round "04"]
[TimeControl "180+2"]
[Date "2023.01.17"]
[WhiteClock "0:00:02"]
[BlackClock "0:01:30"]

1. d4 d5 2. Nf3 Nf6 3. c4 c6 4. Nc3 dxc4 5. a4 Bf5 6. e3 e6 7. Bxc4 Bb4 8. O-O Nbd7 9. Qe2 Bg6 10. e4 O-O 11. Bd3 Qa5 12. Bd2 e5 13. Nxe5 Nxe5 14. dxe5 Qxe5 15. f4 Qd4+ 16. Be3 Qd8 17. f5 Bh5 18. Qd2 Ng4 19. Kh1 Nxe3 20. Qxe3 f6 21. Rad1 Qe7 22. Bc4+ Bf7 23. Bxf7+ Qxf7 24. Qd4 a5 25. Qd7 Rae8 26. Rfe1 Qxd7 27. Rxd7 Rf7 28. Rxf7 Kxf7 29. g4 Re5 30. Kg2 Bxc3 31. bxc3 Rc5 32. Rb1 b5 33. axb5 cxb5 34. Rb3 a4 35. Ra3 g5 36. fxg6+ hxg6 37. Kf3 Ke6 38. h4 Ke5 39. h5 gxh5 40. gxh5 Rc4 0-1


[Site "https://www.chess.com"]

[Event "Titled Tuesday Blitz January 17 Early 2023"]
[White "Shuvalov, Evgenij"]
[Black "Zanette, Edgard Vinicius"]
[WhiteFideId "4187237"]
[BlackFideId "2109263"]
[WhiteElo "2038"]
[BlackElo "2085"]
[Result "0-1"]
[Round "04"]
[TimeControl "180+2"]
[Date "2023.01.17"]
[WhiteClock "0:00:01"]
[BlackClock "0:00:15"]

1. d4 Nf6 2. c4 e6 3. Nc3 Bb4 4. a3 Bxc3+ 5. bxc3 O-O 6. f3 d5 7. e3 c5 8. cxd5 exd5 9. Bd3 b6 10. Ne2 Ba6 11. O-O Bxd3 12. Qxd3 Nc6 13. e4 cxd4 14. cxd4 dxe4 15. fxe4 Re8 16. Bg5 Qd6 17. Bxf6 gxf6 18. Rf5 Rad8 19. Rd1 Ne5 20. Qh3 Ng6 21. Ng3 Qxa3 22. Nh5 Qxh3 23. Nxf6+ Kh8 24. gxh3 Re7 25. Rh5 Nf8 26. e5 Rc7 27. Kf2 Rc6 28. Rg1 Rxf6+ 29. exf6 Ng6 30. d5 Rd6 31. Rf5 Nh4 32. Re5 Rd8 33. Ke3 Ng6 0-1


[Site "https://www.chess.com"]

[Event "Titled Tuesday Blitz January 17 Early 2023"]
[White "Mayank Chakraborty"]
[Black "MitzyCaballero"]
[WhiteFideId "25659766"]
[WhiteElo "2025"]
[BlackElo "2235"]
[Result "1-0"]
[Round "04"]
[TimeControl "180+2"]
[Date "2023.01.17"]
[WhiteClock "0:00:57"]
[BlackClock "0:00:01"]

1. e4 e6 2. d4 d5 3. Bd3 dxe4 4. Bxe4 Nf6 5. Bf3 c5 6. Ne2 Nc6 7. Be3 cxd4 8. Nxd4 Ne5 9. Nc3 Bb4 10. Nb5 O-O 11. Qxd8 Rxd8 12. Nc7 Rb8 13. Bxa7 Nxf3+ 14. gxf3 Bxc3+ 15. bxc3 Bd7 16. Bxb8 Rxb8 17. Rb1 Bc6 18. Nb5 Bxf3 19. O-O Ne4 20. Rfe1 Nd2 21. Rb4 Bd5 22. Nd4 g5 23. Rd1 Ne4 24. c4 Nc3 25. Rd3 Nxa2 26. Ra4 b5 27. Rxa2 Bxc4 28. Rb3 Bxb3 29. cxb3 Rd8 30. Nxb5 Rb8 31. Nd4 e5 32. Nf5 f6 33. Ra7 Rxb3 34. Rg7+ Kf8 35. Rxh7 Rf3 36. Nh6 e4 37. Kg2 Ke8 38. Rb7 Rf4 39. h3 f5 40. Rb5 Rf3 41. Nxf5 Kf7 42. Nd6+ 1-0


[Site "https://www.chess.com"]

[Event "Titled Tuesday Blitz January 17 Early 2023"]
[White "Skurikhin, Dmitrij"]
[Black "Bettalli, Francesco"]
[WhiteFideId "4161297"]
[BlackFideId "2816453"]
[WhiteElo "2297"]
[BlackElo "2252"]
[Result "1-0"]
[Round "04"]
[TimeControl "180+2"]
[Date "2023.01.17"]
[WhiteClock "0:00:31"]
[BlackClock "0:01:00"]

1. d4 g6 2. c4 Bg7 3. Nc3 c5 4. d5 Bxc3+ 5. bxc3 f5 6. h4 Nf6 7. Bf4 d6 8. f3 Qa5 9. Qd2 Nbd7 10. e3 a6 11. Nh3 b5 12. cxb5 axb5 13. Ng5 Nb6 14. e4 h6 15. Ne6 Bxe6 16. dxe6 fxe4 17. Bxh6 Rxh6 18. Qxh6 Qxc3+ 19. Kf2 c4 20. Qh8+ Ng8 21. Qxg8# 1-0


[Site "https://www.chess.com"]

[Event "Titled Tuesday Blitz January 17 Early 2023"]
[White "Rios Escobar, Adan"]
[Black "Ahmad, Al Khatib"]
[WhiteFideId "3403645"]
[BlackFideId "8103178"]
[WhiteElo "2234"]
[BlackElo "2344"]
[Result "1-0"]
[Round "04"]
[TimeControl "180+2"]
[Date "2023.01.17"]
[WhiteClock "0:00:25"]
[BlackClock "0:00:02"]

1. d4 Nf6 2. g3 g6 3. Bg2 Bg7 4. e4 O-O 5. Ne2 d6 6. O-O Nbd7 7. Nbc3 c5 8. d5 Rb8 9. a4 a6 10. a5 b5 11. axb6 Nxb6 12. h3 e6 13. dxe6 Bxe6 14. Nf4 Bc4 15. Re1 Re8 16. b3 Nh5 17. Qf3 Nxf4 18. Bxf4 Bb5 19. Nxb5 axb5 20. Ra7 Re7 21. Bg5 f6 22. Rxe7 Qxe7 23. Bf4 Nd7 24. Qd3 Ne5 25. Qd5+ Kh8 26. Rd1 Bf8 27. h4 Kg7 28. Ra1 Rb7 29. Ra6 Ra7 30. Rb6 Ra1+ 31. Bf1 Nf3+ 32. Kg2 Ne1+ 33. Kh3 Qd7+ 34. g4 Ra7 35. Bxb5 Qe7 36. Bc4 g5 37. Qg8+ Kh6 38. hxg5+ fxg5 39. Rxd6+ Qxd6 40. Bxg5# 1-0


[Site "https://www.chess.com"]

[Event "Titled Tuesday Blitz January 17 Early 2023"]
[White "Onslow, Alfie"]
[Black "Hajiyev, Kanan"]
[WhiteFideId "436976"]
[BlackFideId "13404148"]
[WhiteElo "2157"]
[BlackElo "2197"]
[Result "0-1"]
[Round "04"]
[TimeControl "180+2"]
[Date "2023.01.17"]
[WhiteClock "0:00:12"]
[BlackClock "0:00:38"]

1. d4 d5 2. c4 c6 3. Nf3 Nf6 4. e3 Bf5 5. Nbd2 e6 6. Qb3 Qb6 7. Be2 Be7 8. O-O O-O 9. Ne5 Nbd7 10. f4 Qxb3 11. axb3 Nxe5 12. fxe5 Ne4 13. Nxe4 Bxe4 14. c5 f6 15. exf6 Bxf6 16. Bd2 a6 17. Bf3 Bc2 18. b4 Bd3 19. Rf2 Rae8 20. Be2 Bxe2 21. Rxe2 e5 22. dxe5 Bxe5 23. Ra2 Rf7 24. g3 Rfe7 25. Kg2 h5 26. Rf2 g6 27. Rf3 Bg7 28. b3 Bh6 29. Kf2 d4 30. exd4 Re2+ 31. Kf1 Bxd2 32. b5 axb5 33. Ra7 Re1+ 34. Kg2 R8e7 35. Rf6 Kg7 36. Rf2 Be3 37. Rf3 Bxd4 38. b4 g5 39. h4 R7e2+ 40. Kh3 g4# 0-1


[Site "https://www.chess.com"]

[Event "Titled Tuesday Blitz January 17 Early 2023"]
[White "Player, Edmund C"]
[Black "Trigo Urquijo, Sergio"]
[WhiteFideId "406520"]
[BlackFideId "2262436"]
[WhiteElo "2204"]
[BlackElo "2408"]
[Result "1-0"]
[Round "04"]
[TimeControl "180+2"]
[Date "2023.01.17"]
[WhiteClock "0:00:50"]
[BlackClock "0:00:57"]

1. e4 c6 2. d4 d5 3. Nd2 dxe4 4. Nxe4 Nf6 5. Nxf6+ exf6 6. c3 Bd6 7. Bd3 O-O 8. Qc2 Re8+ 9. Ne2 h5 10. O-O h4 11. h3 Nd7 12. Bf4 Nf8 13. Bxd6 Qxd6 14. Rae1 Be6 15. Nc1 g5 16. f4 Kg7 17. Qd2 gxf4 18. Rxf4 Ng6 19. Bxg6 fxg6 20. Rxh4 g5 21. Rhe4 Bf7 22. Rxe8 Rxe8 23. Rxe8 Bxe8 24. Nd3 Bf7 25. a3 Qg3 26. Nc5 b6 27. Ne4 Qh4 28. Nd6 Bd5 29. Nf5+ 1-0


[Site "https://www.chess.com"]

[Event "Titled Tuesday Blitz January 17 Early 2023"]
[White "Vagman, Roy"]
[Black "Zampronha, Wladimir Camilo"]
[WhiteFideId "2828995"]
[BlackFideId "2103087"]
[WhiteElo "2273"]
[BlackElo "2176"]
[Result "1-0"]
[Round "04"]
[TimeControl "180+2"]
[Date "2023.01.17"]
[WhiteClock "0:00:54"]
[BlackClock "0:00:47"]

1. e4 c5 2. Nc3 e6 3. Nf3 Nc6 4. d4 cxd4 5. Nxd4 Qc7 6. g3 a6 7. Bg2 Nf6 8. O-O Be7 9. Nxc6 dxc6 10. Qe2 e5 11. h3 O-O 12. Be3 b5 13. f4 b4 14. Nd1 a5 15. Qf3 Ba6 16. Rf2 Rad8 17. f5 c5 18. g4 Bb7 19. g5 Nxe4 20. Rf1 Nd6 21. Qg4 Bxg2 22. Qxg2 Qb7 23. f6 Qxg2+ 24. Kxg2 gxf6 25. gxf6 Bxf6 26. Rxf6 Ne4 27. Rf5 Rd5 28. Nf2 Nxf2 29. Kxf2 f6 30. Bh6 Rf7 31. Rg1+ Kh8 32. Ke2 Rd8 33. Bg5 Rg8 34. Bxf6+ Rxf6 35. Rxg8+ Kxg8 36. Rxf6 1-0


[Site "https://www.chess.com"]

[Event "Titled Tuesday Blitz January 17 Early 2023"]
[White "Kabilov, Amin"]
[Black "Kazancev, Valerij M"]
[WhiteFideId "14700859"]
[BlackFideId "4179609"]
[WhiteElo "2207"]
[BlackElo "2313"]
[Result "1-0"]
[Round "04"]
[TimeControl "180+2"]
[Date "2023.01.17"]
[WhiteClock "0:00:09"]
[BlackClock "0:00:23"]

1. d4 g6 2. c4 Bg7 3. Nf3 e6 4. Nc3 Ne7 5. h4 h6 6. Bf4 a6 7. Qd2 d6 8. g3 Nd7 9. Bg2 Rb8 10. e4 b5 11. cxb5 axb5 12. O-O b4 13. Nd1 Ba6 14. Re1 Rb6 15. Be3 d5 16. Bf4 Nf6 17. exd5 Nexd5 18. Be5 O-O 19. Ne3 c6 20. Rac1 Re8 21. Nc4 Bxc4 22. Rxc4 Qa8 23. b3 Ra6 24. Rc2 Nc3 25. a4 Qa7 26. Qd3 Rd8 27. Bf1 Ra5 28. Nd2 Rxe5 29. Rxe5 Rxd4 30. Qe3 Nfd5 31. Qe1 Bxe5 32. Qxe5 Qc7 33. Qxd4 c5 34. Qc4 Qe5 35. Nf3 Qf5 36. Qd3 Qg4 37. Bg2 g5 38. hxg5 hxg5 39. a5 Qh5 40. a6 g4 41. Nh4 1-0


[Site "https://www.chess.com"]

[Event "Titled Tuesday Blitz January 17 Early 2023"]
[White "Tomaszewski, Kacper"]
[Black "Bashirli, Saadat"]
[WhiteFideId "1127373"]
[BlackFideId "13429990"]
[WhiteElo "2313"]
[BlackElo "1571"]
[Result "1-0"]
[Round "04"]
[TimeControl "180+2"]
[Date "2023.01.17"]
[WhiteClock "0:00:37"]
[BlackClock "0:00:43"]

1. c4 e6 2. d4 d5 3. Nc3 c6 4. Nf3 dxc4 5. a4 Bb4 6. Bg5 Nf6 7. e4 h6 8. Bxf6 Qxf6 9. Bxc4 Nd7 10. O-O Nb6 11. Qb3 Bxc3 12. bxc3 O-O 13. Bd3 Rd8 14. a5 Nd7 15. Rfe1 Nc5 16. Qc2 Nxd3 17. Qxd3 c5 18. d5 exd5 19. exd5 Bf5 20. Qd2 Qd6 21. c4 Bg4 22. Ne5 Bf5 23. Qf4 Qf6 24. g4 Bg6 25. Qxf6 gxf6 26. Nxg6 fxg6 27. Re7 b6 28. a6 b5 29. cxb5 Rxd5 30. Rb7 c4 31. Re1 Re5 32. Rxe5 fxe5 33. Kf1 Rc8 34. Ke2 c3 35. Kd1 Ra8 36. Kc2 Rf8 37. Kxc3 Rxf2 38. Rxa7 Rxh2 39. b6 Ra2 40. b7 Ra3+ 41. Kb2 1-0


[Site "https://www.chess.com"]

[Event "Titled Tuesday Blitz January 17 Early 2023"]
[White "Ozates, Tuna"]
[Black "Vaglio Munoz, Jaime"]
[WhiteFideId "6354521"]
[BlackFideId "6500145"]
[WhiteElo "2251"]
[BlackElo "2174"]
[Result "1-0"]
[Round "04"]
[TimeControl "180+2"]
[Date "2023.01.17"]
[WhiteClock "0:00:34"]
[BlackClock "0:00:01"]

1. d4 Nf6 2. Nf3 b5 3. a4 b4 4. c4 bxc3 5. Nxc3 Bb7 6. g3 Bxf3 7. exf3 d5 8. Bg2 e6 9. O-O Be7 10. g4 O-O 11. g5 Nfd7 12. f4 c5 13. Be3 cxd4 14. Bxd4 Nc6 15. h4 Rb8 16. h5 Nxd4 17. Qxd4 Rxb2 18. Nxd5 exd5 19. Qxb2 Bd6 20. h6 gxh6 21. gxh6 Nf6 22. Qd4 Nh5 23. Qxd5 Nxf4 24. Qf3 Kh8 25. Rad1 Qf6 26. Rfe1 Rg8 27. Kf1 Qxh6 28. Re4 Nxg2 29. Qc3+ f6 30. Rxd6 Qh1+ 31. Ke2 Qh5+ 32. Qf3 Qg5 33. Qxf6+ Qxf6 34. Rxf6 Rg5 35. Re7 1-0


[Site "https://www.chess.com"]

[Event "Titled Tuesday Blitz January 17 Early 2023"]
[White "Bozorov, Makhsum"]
[Black "Granados Diaz, Maria Esther"]
[WhiteFideId "14201330"]
[BlackFideId "6101488"]
[WhiteElo "2145"]
[BlackElo "1868"]
[Result "1-0"]
[Round "04"]
[TimeControl "180+2"]
[Date "2023.01.17"]
[WhiteClock "0:00:21"]
[BlackClock "0:00:02"]

1. d4 Nf6 2. c4 e5 3. dxe5 Ne4 4. Nf3 b6 5. Nbd2 Bb7 6. Nxe4 Bxe4 7. e3 Bb4+ 8. Bd2 Qe7 9. Be2 Nc6 10. O-O Bxd2 11. Qxd2 Nxe5 12. Nxe5 Qxe5 13. Qd4 Qe6 14. Rad1 O-O-O 15. c5 Kb8 16. a4 h5 17. a5 h4 18. axb6 axb6 19. cxb6 cxb6 20. Ra1 Bb7 21. Rfd1 Rh6 22. Qa4 Qe4 23. Qa7+ Kc7 24. Rac1+ Rc6 25. Bf3 Rxc1 26. Rxc1+ 1-0


[Site "https://www.chess.com"]

[Event "Titled Tuesday Blitz January 17 Early 2023"]
[White "I_KID_you_not"]
[Black "Myshakov, Fyodor"]
[BlackFideId "14111284"]
[WhiteElo "2332"]
[BlackElo "2292"]
[Result "1-0"]
[Round "04"]
[TimeControl "180+2"]
[Date "2023.01.17"]
[WhiteClock "0:01:11"]
[BlackClock "0:00:20"]

1. e4 c6 2. d4 d5 3. exd5 cxd5 4. Bd3 Nf6 5. c3 Nc6 6. Bf4 g6 7. Nf3 Bg7 8. O-O O-O 9. Re1 Bf5 10. Bxf5 gxf5 11. Nbd2 Ne4 12. Ne5 Nxe5 13. Bxe5 Bxe5 14. dxe5 e6 15. Nxe4 dxe4 16. Qh5 Qd2 17. Re3 Kh8 18. Rd1 f4 19. Rh3 Qxd1+ 20. Qxd1 Rg8 21. Qh5 Rg7 22. Qh4 Kg8 23. Qxf4 Rd8 24. g3 Rd1+ 25. Kg2 Rd5 26. Rh4 Kf8 27. Qxe4 Rg5 28. Qb4+ Kg8 29. f4 Rg6 30. Qxb7 Kg7 31. c4 Rd4 32. c5 a5 33. c6 Rd2+ 34. Kh3 Kh8 35. c7 Rg8 36. c8=Q 1-0


[Site "https://www.chess.com"]

[Event "Titled Tuesday Blitz January 17 Early 2023"]
[White "Gheorghiu, Calin"]
[Black "Bommini, Mounika Akshaya"]
[WhiteFideId "1200305"]
[BlackFideId "25019872"]
[WhiteElo "2313"]
[BlackElo "2118"]
[Result "1/2-1/2"]
[Round "04"]
[TimeControl "180+2"]
[Date "2023.01.17"]
[WhiteClock "0:00:04"]
[BlackClock "0:00:04"]

1. e4 c5 2. Nf3 d6 3. Bb5+ Bd7 4. Bxd7+ Qxd7 5. O-O g6 6. c3 Bg7 7. d4 cxd4 8. cxd4 Nc6 9. Nc3 Nf6 10. Re1 O-O 11. Bg5 h6 12. Bh4 b5 13. Nd5 Nxd5 14. exd5 Nb4 15. Rxe7 Qf5 16. Bg3 Nxd5 17. Rb7 Nf4 18. Bxf4 Qxf4 19. Rxb5 Rfe8 20. Rb3 Rac8 21. g3 Qg4 22. Kg2 Rc4 23. h3 Qf5 24. Rc1 Rxc1 25. Qxc1 Re2 26. Qc4 Rc2 27. Qb5 Bxd4 28. Qxf5 Rxf2+ 29. Kh1 Rf1+ 30. Kh2 Rf2+ 31. Kh1 Rf1+ 32. Kg2 Rf2+ 33. Kh1 1/2-1/2


[Site "https://www.chess.com"]

[Event "Titled Tuesday Blitz January 17 Early 2023"]
[White "Nguyen Hong Nhung"]
[Black "De Souza, Cristiano Gomes"]
[WhiteFideId "12412201"]
[BlackFideId "2151758"]
[WhiteElo "2003"]
[BlackElo "2018"]
[Result "1-0"]
[Round "04"]
[TimeControl "180+2"]
[Date "2023.01.17"]
[WhiteClock "0:00:30"]
[BlackClock "0:01:23"]

1. e4 c5 2. Nc3 d6 3. f4 a6 4. a4 Nc6 5. Nf3 Bg4 6. Bc4 e6 7. O-O g6 8. d3 Bg7 9. Qe1 Bxf3 10. Rxf3 Nd4 11. Rf2 Ne7 12. Kh1 O-O 13. Qd1 f5 14. Be3 Kh8 15. Bxd4 Bxd4 16. Rf3 Qd7 17. Rb1 Bg7 18. Qd2 d5 19. exd5 exd5 20. Bb3 b5 21. Rh3 b4 22. Ne2 Nc6 23. c3 a5 24. Ng1 Rfe8 25. Nf3 Re7 26. Qf2 Rae8 27. Qxc5 bxc3 28. bxc3 d4 29. Bd5 dxc3 30. Bxc6 Qxd3 31. Rg1 1-0


[Site "https://www.chess.com"]

[Event "Titled Tuesday Blitz January 17 Early 2023"]
[White "Martin, Lewis"]
[Black "Kuzmin, Roman"]
[WhiteFideId "410551"]
[BlackFideId "44134932"]
[WhiteElo "2135"]
[BlackElo "2198"]
[Result "0-1"]
[Round "04"]
[TimeControl "180+2"]
[Date "2023.01.17"]
[WhiteClock "0:00:31"]
[BlackClock "0:02:09"]

1. e4 c5 2. Nf3 d6 3. d4 cxd4 4. Nxd4 Nf6 5. Nc3 a6 6. Bg5 e6 7. f4 Qb6 8. a3 Be7 9. b4 h6 10. Bh4 Nxe4 11. Nxe4 Bxh4+ 12. g3 Be7 13. Bg2 d5 14. Nf2 Nc6 15. Nb3 Qe3+ 16. Qe2 Qc3+ 17. Qd2 Bf6 18. Rd1 Qxd2+ 19. Kxd2 O-O 20. c3 a5 21. b5 a4 22. Nc5 Na5 23. Kc2 Nc4 24. b6 Ne3+ 0-1


[Site "https://www.chess.com"]

[Event "Titled Tuesday Blitz January 17 Early 2023"]
[White "Sanchez, Robert"]
[Black "Ruge, Edison"]
[WhiteFideId "2034360"]
[BlackFideId "4401000"]
[WhiteElo "1966"]
[BlackElo "2201"]
[Result "0-1"]
[Round "04"]
[TimeControl "180+2"]
[Date "2023.01.17"]
[WhiteClock "0:00:33"]
[BlackClock "0:00:27"]

1. e4 e5 2. Nf3 Nc6 3. Bb5 f5 4. d3 fxe4 5. dxe4 Nf6 6. Bc4 Bc5 7. O-O Qe7 8. Nc3 d6 9. Bg5 Be6 10. Nd5 Bxd5 11. Bxd5 Nd8 12. c3 c6 13. Bc4 Nf7 14. b4 Bb6 15. a4 O-O 16. a5 Bc7 17. a6 b5 18. Bb3 Kh8 19. Re1 Rae8 20. Qd3 Nxg5 21. Nxg5 Ng4 22. Ne6 Nxf2 23. Qg3 Bb6 24. Re3 Rf6 25. Rf1 Bxe3 26. Qxe3 Ng4 27. Qg3 Rxf1+ 28. Kxf1 Qf6+ 29. Kg1 Rxe6 30. Qxg4 Re8 31. h3 Qe7 32. Kh2 Rf8 33. Be6 Rf4 34. Qh5 Qxe6 35. Qg5 Qf6 36. Qh5 g6 37. Qh6 0-1


[Site "https://www.chess.com"]

[Event "Titled Tuesday Blitz January 17 Early 2023"]
[White "MunichMouse"]
[Black "Krstulovic, Alex"]
[BlackFideId "760056"]
[WhiteElo "2211"]
[BlackElo "2428"]
[Result "0-1"]
[Round "04"]
[TimeControl "180+2"]
[Date "2023.01.17"]
[WhiteClock "0:00:02"]
[BlackClock "0:00:47"]

1. d4 Nf6 2. c4 e6 3. Nf3 d5 4. g3 dxc4 5. Bg2 c6 6. O-O b5 7. a4 Bb7 8. b3 cxb3 9. Qxb3 a6 10. Bf4 Nbd7 11. Rc1 Be7 12. Nbd2 Nd5 13. e4 Nxf4 14. gxf4 Rb8 15. a5 c5 16. d5 c4 17. Qb2 exd5 18. exd5 O-O 19. Ne5 Nc5 20. Qd4 Rc8 21. Rd1 Bf6 22. Ra3 b4 23. Rg3 c3 24. Ne4 Nxe4 25. Bxe4 Qxa5 26. Qd3 h6 27. Ng4 Kh8 28. Nxf6 gxf6 29. Qd4 Qd8 30. Rh3 Rg8+ 31. Kh1 Rg7 32. Rxh6+ Kg8 33. Qd3 b3 34. Qh3 Kf8 35. Rh8+ Ke7 36. d6+ Qxd6 37. Rxd6 Bxe4+ 38. f3 Kxd6 39. Rxc8 b2 40. Rd8+ Kc5 41. Rc8+ Kb4 0-1


[Site "https://www.chess.com"]

[Event "Titled Tuesday Blitz January 17 Early 2023"]
[White "Sihite, Chelsie Monica Ignesias"]
[Black "Mitrovic, Darko R"]
[WhiteFideId "7101198"]
[BlackFideId "927023"]
[WhiteElo "2266"]
[BlackElo "2220"]
[Result "1-0"]
[Round "04"]
[TimeControl "180+2"]
[Date "2023.01.17"]
[WhiteClock "0:00:44"]
[BlackClock "0:00:04"]

1. c4 e5 2. g3 g6 3. Bg2 Bg7 4. Nc3 Nc6 5. Nf3 Nge7 6. O-O O-O 7. d3 d6 8. h3 f5 9. Rb1 a5 10. a3 h6 11. Bd2 g5 12. Qc1 f4 13. g4 h5 14. Nh2 hxg4 15. Nxg4 Nd4 16. Qd1 Ng6 17. e3 Nf5 18. Ne4 Nfh4 19. Kh2 Nxg2 20. Kxg2 f3+ 21. Kh2 Bxg4 22. hxg4 Kf7 23. Kg3 Ke6 24. Rh1 Nh4 25. Nxg5+ Qxg5 26. Rxh4 e4 27. Qb3 Be5+ 28. Kh3 Qxh4+ 29. Kxh4 Rh8+ 30. Kg5 1-0


[Site "https://www.chess.com"]

[Event "Titled Tuesday Blitz January 17 Early 2023"]
[White "Pasaribu, Ivan Maxmillian Putra"]
[Black "Torres Dominguez, David"]
[WhiteFideId "7104219"]
[BlackFideId "2220857"]
[WhiteElo "2229"]
[BlackElo "1994"]
[Result "1-0"]
[Round "04"]
[TimeControl "180+2"]
[Date "2023.01.17"]
[WhiteClock "0:00:12"]
[BlackClock "0:00:01"]

1. e4 Nc6 2. d4 e5 3. dxe5 Nxe5 4. Nc3 Bc5 5. Bf4 Ng6 6. Bg3 d6 7. Qd2 Nf6 8. O-O-O O-O 9. f4 Bb4 10. Bd3 d5 11. e5 Nh5 12. Nge2 Bg4 13. Rdf1 d4 14. Bxg6 fxg6 15. Qxd4 Qxd4 16. Nxd4 Bxc3 17. bxc3 Rae8 18. Nb5 Re7 19. Bh4 Ref7 20. g3 g5 21. Bxg5 h6 22. Nxc7 Rxc7 23. Bh4 Rxc3 24. Kd2 Rfc8 25. Rc1 Bf5 26. Rhe1 Rxc2+ 27. Rxc2 Rxc2+ 28. Ke3 Rc6 29. g4 Bxg4 30. Ke4 g6 31. Bf2 Bf5+ 32. Kf3 Rc8 33. Bxa7 Re8 34. Bc5 Ng7 35. Bd6 Ne6 36. Re2 h5 37. Rb2 Nd4+ 38. Ke3 1-0


[Site "https://www.chess.com"]